 Dungeon Crawl Stone Soup version 0.23-a0-356-g1757c6e (webtiles) character file.

108 George the Slasher (level 4, -2/35 HPs)
             Began as a Demonspawn Fighter on Oct 21, 2018.
             Killed by nerve-wracking pain
             ... invoked by Grinder
              (9 damage)
             ... while paralysed by Grinder
             ... on level 3 of the Dungeon.
             The game lasted 00:02:17 (1241 turns).

George the Slasher (Demonspawn Fighter)             Turns: 1241, Time: 00:02:17

Health: -2/35      AC: 10    Str: 17    XL:     4   Next: 58%
Magic:  4/4        EV:  2    Int: 13    God:
Gold:   39         SH:  0    Dex: 14    Spells: 3/3 levels left

rFire    . . .     SeeInvis .   a - +0 long sword
rCold    . . .     Gourm    .   c - +0 shield
rNeg     . . .     Faith    .   l - +0 chain mail
rPois    .         Spirit   .   (no helmet)
rElec    .         Reflect  .   j - +0 cloak
rCorr    .         Harm     .   (no gloves)
MR       .....                  (no boots)
Stlth    ..........             (no amulet)
HPRegen  0.11/turn              e - +3 ring of intelligence
MPRegen  0.09/turn              k - +2 ring of dexterity

@: paralysed
A: hooves 1, powered by death 1, spiny 1
a: no special abilities


You were on level 3 of the Dungeon.
You were not hungry.

You visited 1 branch of the dungeon, and saw 3 of its levels.

You collected 39 gold pieces.

Inventory:

Hand Weapons
 a - a +0 long sword (weapon)
Armour
 c - a +0 shield (worn)
 j - a +0 cloak (worn)
 l - a +0 chain mail (worn)
Jewellery
 e - a +3 ring of intelligence (left hand)
 k - a +2 ring of dexterity (right hand)
Scrolls
 h - a scroll of teleportation {unknown}
 m - 3 scrolls of fear {unknown}
 n - a scroll of immolation {unknown}
 o - a scroll of remove curse {unknown}
Potions
 b - a potion of curing {unknown}
 d - a potion of might
 g - 3 potions of haste {unknown}
 i - a potion of berserk rage {unknown}
Comestibles
 f - 5 rations


   Skills:
 - Level 3.0 Fighting
 + Level 4.4 Long Blades
 - Level 2.6 Armour
 - Level 2.6 Shields


You had 3 spell levels left.
You didn't know any spells.
Your spell library was empty.

Dungeon Overview and Level Annotations

Branches:
Dungeon (3/15)

Altars:
Ashenzari

Annotations:
D:3 Grinder


Innate Abilities, Weirdness & Mutations

You have large cloven feet.
You regenerate a little health from kills.
You are partially covered in sharp spines.


Message History

You block Grinder's attack. Grinder is struck by your spines. Grinder hits you!
You writhe in agony.
* * * LOW HITPOINT WARNING * * *
Your shield and chain mail prevent you from hitting Grinder.
Your kick misses Grinder.
Grinder is almost dead.
Grinder gestures at you. Pain shoots through your body!
* * * LOW HITPOINT WARNING * * *
Your chain mail prevents you from hitting Grinder.
Your kick misses Grinder.
Grinder is almost dead.
Grinder gestures at you.
You suddenly lose the ability to move!
Grinder gestures at you.
You shrug off the repeated paralysis!
Grinder is struck by your spines. Grinder hits you but does no damage.
Grinder gestures at you. Pain shoots through your body!
You die...

# #####..........
#..###........###...
#.............#
..####.####.#.#
#.####.#.#
#........#
######'### ##...##
#.@5..# #.......#
#.........#
+..$.)....+
#.........#
##!......##
##.....## ##...##


You could see Grinder.

Vanquished Creatures
  Terence (D:2)
  A worker ant (D:2)
  An adder (D:2)
  A worm (D:2)
  2 dart slugs
  A leopard gecko (D:1)
  A giant cockroach (D:2)
  5 goblins
  4 hobgoblins
  4 jackals (D:1)
  12 kobolds
  4 bats
  A frilled lizard (D:2)
  3 rats (D:1)
41 creatures vanquished.

Notes
Turn   | Place    | Note
-------+----------+-------------------------------------------
     0 | D:1      | George the Demonspawn Fighter began the quest for the Orb.
     0 | D:1      | Reached XP level 1. HP: 18/18 MP: 1/1
    34 | D:1      | Reached skill level 2 in Long Blades
   127 | D:1      | Gained mutation: You have large cloven feet. [demonic
                  | ancestry]
   127 | D:1      | Reached XP level 2. HP: 22/24 MP: 2/2
   220 | D:1      | Found a shattered altar of Ashenzari.
   274 | D:1      | Reached skill level 3 in Long Blades
   555 | D:2      | Gained mutation: You regenerate a little health from kills.
                  | [demonic ancestry]
   555 | D:2      | Reached XP level 3. HP: 24/29 MP: 3/3
   615 | D:2      | Noticed Terence
   629 | D:2      | Killed Terence
   637 | D:2      | Gained mutation: You are partially covered in sharp spines.
                  | [demonic ancestry]
   637 | D:2      | Reached XP level 4. HP: 12/35 MP: 4/4
   643 | D:2      | Reached skill level 4 in Long Blades
  1221 | D:3      | Noticed Grinder
  1238 | D:3      | Paralysed by Grinder for 5 turns
  1241 | D:3      | Killed from afar by Grinder

Vault maps used:
D:1:      saegor_arrival_simple_c, roderic_roman_lattice, ashenzari_altar_1
D:2:      grunt_ministairs_8, uniq_terence
D:3:      uniq_grinder

Skill      XL: |  1  2  3  4 |
---------------+-------------+-----
Long Blades    | 2 3 4 |  4.4
Fighting       | |  3.0
Armour         | |  2.6
Shields        | |  2.6

Action                   |  1- 3 |  4- 6 || total
-------------------------+-------+-------++-------
Melee: Long sword        |    84 |    36 ||   120
       Kick              |    14 |    10 ||    24
  Eat: Chunk             |       |     1 ||     1
Armor: Scale mail        |    37 |     1 ||    38
       Chain mail        |       |    15 ||    15
Dodge: Dodged            |    26 |     4 ||    30
Block: Shield            |    42 |    18 ||    60
       Rpst.: Long sword |    11 |     2 ||    13

Table legend:
 A = Non-vault XP
 B = Vault XP
 C = Vault XP percentage of total XP
 D = Non-vault monster count
 E = Vault monster count
 F = Vault count percentage of total count
                 A         B        C        D         E       F
            +---------+---------+-------+---------+---------+-------
      Total |     115 |      40 |  25.8 |      38 |       3 |   7.3
            +---------+---------+-------+---------+---------+-------
        D:1 |      36 |       0 |   0.0 |      20 |       0 |   0.0
        D:2 |      79 |      40 |  33.6 |      18 |       3 |  14.3
            +---------+---------+-------+---------+---------+-------
